 Dungeon Crawl Stone Soup version 0.27.0-1-g7a08968 (webtiles) character file.

Game seed: 2102095704663631529

13707 blake the Martial Artist (level 12, -2/77 HPs)
             Began as an Octopode Summoner on Dec 6, 2021.
             Was an Elder of Fedhas.
             Shot with an arrow by Nessos (5 damage)
             ... on level 4 of the Lair of Beasts on Dec 7, 2021.
             The game lasted 02:10:17 (16107 turns).

blake the Martial Artist (Octopode Summoner)       Turns: 16107, Time: 02:10:18

Health: -2/77      AC:  5    Str:  9    XL:     12   Next: 8%
Magic:  10/18      EV: 16    Int: 21    God:    Fedhas [****..]
Gold:   1496       SH:  8    Dex: 12    Spells: 9/19 levels left

rFire    . . .     SeeInvis .     - Unarmed
rCold    . . .     Faith    +   a - +3 buckler
rNeg     . . .     Spirit   .   (helmet restricted)
rPois    +         Reflect  .   j - amulet of faith
rElec    .         Harm     .   n - ring of poison resistance
rCorr    .         Rampage  .   w - ring of wizardry
Will     +....                  y - +4 ring of protection
Stlth    ++++......             D - ring of willpower
HPRegen  0.22/turn              (no ring)
MPRegen  0.16/turn              (no ring)
                                (no ring)
                                (no ring)

@: studying 2 skills
A: almost no armour, amphibious, 8 rings, camouflage 1, gelatinous body 1,
(nimble swimmer 1), tentacles
a: Renounce Religion, Wall of Briars, Grow Ballistomycete, Overgrow


You were on level 4 of the Lair of Beasts.
You worshipped Fedhas.
Fedhas was greatly pleased with you.
You visited 2 branches of the dungeon, and saw 14 of its levels.

You collected 2307 gold pieces.
You spent 811 gold pieces at shops.

Inventory:

Hand Weapons
 p - a +0 fustibalus
Missiles
 o - 77 sling bullets
 C - 11 javelins (quivered)
Armour
 a - a +3 buckler (worn)
Jewellery
 j - an amulet of faith (around mantle)
 m - the ring "Onesiru" {Ice Will++ Slay-2}
   (You found it on level 5 of the Dungeon)

   [ring of ice]

   It enhances your ice magic.
   Slay:      It affects your accuracy & damage with ranged weapons and melee
   (-2).
   rF:        It makes you vulnerable to fire.
   rC:        It protects you from cold.
   Will:      It greatly increases your willpower.
 n - a ring of poison resistance (left tentacle)
 q - the ring of the Vendetta {Fire rN+ Stlth+}
   (You found it on level 6 of the Dungeon)

   [ring of fire]

   It enhances your fire magic.
   rF:        It protects you from fire.
   rC:        It makes you vulnerable to cold.
   rN:        It protects you from negative energy.
   Stlth:     It makes you more stealthy.
 w - a ring of wizardry (right tentacle)
 y - a +4 ring of protection (on tentacle)
 D - a ring of willpower (on tentacle)
Wands
 d - a wand of digging (10)
 h - a wand of acid (3)
 k - a wand of polymorph (20)
 E - a wand of charming (8)
 H - a wand of iceblast (5)
 J - a wand of flame (14)
Scrolls
 b - 2 scrolls of torment
 c - 3 scrolls of blinking
 f - 6 scrolls of magic mapping
 l - a scroll of silence
 r - a scroll of amnesia
 s - 2 scrolls of fog
 u - 2 scrolls of fear
 v - 6 scrolls of teleportation
 x - 2 scrolls of enchant weapon
 B - a scroll of vulnerability
 F - a scroll of enchant armour
 K - 2 scrolls of immolation {unknown}
Potions
 e - 6 potions of flight
 i - 3 potions of lignification
 t - a potion of curing
 z - 2 potions of cancellation {unknown}
 A - 2 potions of ambrosia {unknown}
 G - a potion of mutation {unknown}
 I - 2 potions of brilliance
 L - 2 potions of haste
Miscellaneous
 g - a lightning rod (3/4)


   Skills:
 + Level 5.5 Fighting
 - Level 1.0 Throwing
 + Level 9.0 Dodging
 + Level 7.2 Stealth
 - Level 4.0 Shields
 + Level 11.2 Unarmed Combat
 - Level 4.0 Spellcasting
 - Level 5.0 Summonings
 - Level 3.0 Air Magic
 * Level 8.8 Invocations
 * Level 6.8 Evocations


You had 9 spell levels left.
You knew the following spells:

 Your Spells              Type           Power      Damage    Failure   Level
a - Summon Small Mammal   Summ           100%       N/A       1%          1
b - Call Imp              Summ           25%        N/A       1%          2
c - Call Canine Familiar  Summ           25%        N/A       1%          3
d - Summon Lightning Spi  Summ/Air       21%        N/A       9%          4

Your spell library contained the following spells:

 Spells                   Type           Power      Damage    Failure   Level
 Summon Guardian Golem    Hex/Summ       14%        N/A       5%          3
 Conjure Flame            Conj/Fire      4%         6-21      14%         3
 Ignite Poison            Fire/Tmut/Pois 4%         N/A       14%         3
 Sticky Flame             Conj/Fire      4%         2d3       41%         4


Dungeon Overview and Level Annotations

Branches:
Dungeon (10/15)            Temple (0/1) D:5            Lair (4/6) D:8
  Swamp: Lair:2-4    Shoals: Lair:2-4     Snake: Lair:2-4    Spider: Lair:2-4
    Orc: D:9-12

Altars:
Ashenzari
Elyvilon
Fedhas
Hepliaklqana
Kikubaaqudgha
Nemelex Xobeh
Trog
Xom

Shops:
D:5 :   D:8 !   D:9 ***

Annotations:
D:2 Sigmund
D:6 Maggie
D:10 exclusion: ice statue
Lair:2 2 transporters, everene's ghost, journeyman OpTm
Lair:4 Nessos


Innate Abilities, Weirdness & Mutations

You cannot wear most types of armour.
You are amphibious.
You can wear up to eight rings at the same time.
Your skin changes colour to match your surroundings (Stealth+).
Your rubbery body absorbs attacks. (AC +1, EV +1)
((You are camouflaged near water. (Stealth+)))
You have tentacles for arms and can constrict up to eight enemies at once.


Message History

You feel sick.
You feel sick.
You feel sick.
You feel sick.
You feel sick.
You feel sick.
You feel sick.
You are no longer poisoned.
Found a stone staircase leading down.
Nessos the Markscentaur comes into view.
Nessos shouts!
Nessos wields a +2 longbow of flaming.
It bursts into flame!
Nessos shoots an arrow.
The arrow closely misses you.
Throw: 11 javelins
Press: ? - help, Q - select action, (/) - cycle Shift-Dir - straight line, f - Nessos
Aim: Nessos, wielding a +2 longbow of flaming, wearing a +0 barding and quivering arrows (70% to hit)
Okay, then.
As you read the scroll of fog, it crumbles to dust.
The scroll dissolves into smoke.
Casting: Summon Lightning Spire (dangerous; 9% risk of failure)
Confirm with . or Enter, or press ? or * to list all spells.
An electric hum fills the air.
Nessos shoots an arrow.
The arrow hits you! The arrow burns you.
Nessos shoots an arrow.
The arrow closely misses you.
Nessos mumbles some strange words.
Nessos seems to speed up.
Casting: Summon Lightning Spire (dangerous; 9% risk of failure)
Confirm with . or Enter, or press ? or * to list all spells.
Okay, then.
Unknown command.
Press: ? - help, Dir - move target A ballistomycete grows from the ground.
You can no longer grow an oklob plant.
Nessos shoots an arrow.
The arrow hits you!! The arrow burns you!
* * * LOW HITPOINT WARNING * * *
Nessos shoots an arrow.
The arrow misses you.
Nessos shoots an arrow.
The arrow hits you!
* * * LOW HITPOINT WARNING * * *
The arrow burns you.
You die...
Fedhas appreciates your contribution to the ecosystem.

#.....##.. #.....##..
########.. ♣## #...
♣♣.### ##..# ♣♣♣♣♣....###
#...#
♣♣♣♣♣♣♣§§♣.......####....
.....§§§8§#.....#.##.#...
......§§@§§......#.##....
...>...§§§##............#
.c....P§§#§P............#
.#.............#.#.###P.#
#..............#...###..
#......(................
........................
.....#..##......###.##..
.....#..........##.....


You could see Nessos (fast, ally target), a friendly ballistomycete (summoned)
and a friendly lightning spire (summoned).

Vanquished Creatures
  A two-headed ogre (D:9)
  The ghost of Vixxxy the Sneak, a novice DjFE of Wu Jian (D:6)
  A black mamba (Lair:1)
  3 centaur zombies
  A gargoyle (D:9)
  2 cane toads
  A komodo dragon (Lair:1)
  A gnoll sergeant (D:5)
  A polar bear (Lair:3)
  7 blink frogs
  A redback (Lair:4)
  A wyvern (Lair:4)
  A vampire (D:10)
  8 yaks
  2 basilisks
  5 water moccasins
  An ice beast (D:6)
  A black bear (D:7)
  A hornet zombie (D:9)
  2 orc warriors
  A sky beast (D:7)
  2 wolves (Lair:3)
  An ogre (D:8)
  A centaur (D:8)
  4 bullfrogs
  2 kobold brigands
  A scorpion (D:5)
  2 killer bees
  A wight (D:8)
  A howler monkey (D:8)
  A hound (D:4)
  A gnoll shaman (D:7)
  2 orc priests
  A centaur skeleton (D:7)
  An orc wizard (D:9)
  8 hell rats
  A killer bee zombie (D:5)
  6 gnolls
  A white imp (D:6)
  A howler monkey simulacrum (D:6)
  A worm (D:2)
  16 orcs
  An endoplasm (D:1)
  A goblin (D:1)
  A hobgoblin (D:4)
  A jackal (D:4)
  A quokka (D:4)
  A ball python (D:2)
  3 bats
  A frilled lizard (D:1)
  4 kobolds (D:9)
  2 rats
  A ballistomycete spore (Lair:2)
115 creatures vanquished.

Vanquished Creatures (collateral kills)
  2 hydras
  A two-headed ogre (D:9)
  A harpy (shapeshifter) (D:7)
  The ghost of Caterwaul the Slasher, a novice DsWr of Okawaru (D:5)
  A black mamba (Lair:2)
  3 cane toads
  A komodo dragon (Lair:4)
  A rime drake (Lair:1)
  A troll (D:7)
  A tengu conjurer (D:7)
  A hornet (D:8)
  A polar bear (Lair:1)
  6 blink frogs
  A meliai zombie (D:10)
  A wyvern (Lair:3)
  9 yaks
  A wraith (D:9)
  A steam dragon (D:9)
  An acid dragon (D:7)
  2 water moccasins
  3 bullfrogs
  3 orc warriors
  An ice beast (D:6)
  5 sky beasts
  4 necrophages
  A black bear (D:6)
  3 centaurs
  3 wolves (Lair:3)
  A kobold brigand (D:9)
  A wyvern zombie (D:7)
  A gnoll sergeant (D:5)
  2 scorpions
  2 gnoll shamans
  A water moccasin zombie (D:6)
  A wyvern skeleton (D:7)
  5 killer bees
  12 wights
  A howler monkey (D:7)
  A jelly (D:4)
  2 centaur zombies
  2 orc priests
  A hound (D:4)
  A centaur skeleton (D:7)
  3 iguanas
  4 orc wizards
  A scorpion zombie (D:5)
  5 hell rats
  A killer bee zombie (D:7)
  A hound skeleton (D:4)
  2 adders
  8 gnolls
  3 white imps
  An ufetubus (D:4)
  2 worms
  2 dart slugs
  21 orcs
  2 bats
  7 endoplasms
  A giant cockroach (D:1)
  6 goblins
  3 hobgoblins
  9 jackals
  16 kobolds
  9 quokkas
  8 ball pythons
  4 frilled lizards
  10 rats
  20 ballistomycete spores
243 creatures vanquished.

Vanquished Creatures (others)
  4 oklob plants (Lair:4)
  A centaur (D:7)
  A gnoll sergeant (D:5)
  A gnoll (D:5)
  A ballistomycete spore (D:8)
  9 fungi
  83 plants
100 creatures vanquished.

Grand Total: 458 creatures vanquished

Notes
Turn   | Place    | Note
-------+----------+-------------------------------------------
     0 | D:1      | blake the Octopode Summoner began the quest for the Orb.
     0 | D:1      | Reached XP level 1. HP: 11/11 MP: 3/3
     5 | D:1      | You fall into a shaft and drop 1 floor!
   118 | D:2      | Reached XP level 2. HP: 17/17 MP: 3/5
   121 | D:2      | Learned a level 2 spell: Call Imp
   246 | D:2      | Noticed Sigmund
   549 | D:1      | Reached skill level 1 in Shields
   780 | D:1      | Reached XP level 3. HP: 19/21 MP: 4/6
   784 | D:1      | Learned a level 3 spell: Call Canine Familiar
  1225 | D:2      | Found a faded altar of an unknown god.
  1229 | D:2      | Became a worshipper of Fedhas Madash
  1229 | D:2      | Reached * piety under Fedhas
  1400 | D:2      | Found an ancient bone altar of Kikubaaqudgha.
  1547 | D:3      | Reached XP level 4. HP: 27/27 MP: 1/8
  1750 | D:3      | HP: 1/27 [orc priest/divine providence (13)]
  2172 | D:3      | Reached ** piety under Fedhas
  2215 | D:3      | Found an ancient bone altar of Kikubaaqudgha.
  2623 | D:3      | Reached XP level 5. HP: 17/31 MP: 3/9
  3243 | D:4      | Noticed a necrophage
  3310 | D:4      | Killed a necrophage
  3311 | D:4      | Reached skill level 5 in Summonings
  3311 | D:4      | Reached XP level 6. HP: 36/36 MP: 1/11
  3316 | D:4      | Learned a level 4 spell: Summon Lightning Spire
  3392 | D:4      | Found a sparkling altar of Nemelex Xobeh.
  3449 | D:4      | Reached *** piety under Fedhas
  3566 | D:4      | Found a broken altar of Ashenzari.
  3990 | D:5      | Entered Level 5 of the Dungeon
  4031 | D:5      | Reached skill level 1 in Air Magic
  4035 | D:5      | Noticed a sky beast
  4044 | D:5      | Killed a sky beast
  4236 | D:5      | Found a transporter.
  4249 | D:5      | Noticed Caterwaul's ghost (novice DsWr)
  4317 | D:5      | Found a transporter.
  4363 | D:5      | Found a staircase to the Ecumenical Temple.
  4413 | D:5      | Found Bumol's Self-Improvement Boutique.
  4450 | D:5      | Reached skill level 1 in Unarmed Combat
  4483 | D:5      | Reached XP level 7. HP: 39/41 MP: 4/13
  5204 | D:6      | Reached skill level 1 in Fighting
  5320 | D:6      | Reached XP level 8. HP: 48/48 MP: 8/14
  5678 | D:6      | Found a runed translucent gate.
  5678 | D:6      | Found a runed translucent gate.
  5678 | D:6      | Found a runed translucent gate.
  5691 | D:6      | Noticed Vixxxy's ghost (novice DjFE)
  5877 | D:6      | Noticed Maggie
  6210 | D:7      | Reached skill level 1 in Invocations
  6449 | D:7      | You fall into a shaft and drop 3 floors!
  6449 | D:10     | Entered Level 10 of the Dungeon
  6470 | D:10     | Reached skill level 5 in Dodging
  6486 | D:10     | Noticed a vampire
  6795 | D:8      | Found Epuewim's Distillery.
  6950 | D:8      | Reached XP level 9. HP: 55/57 MP: 11/15
  7060 | D:8      | Noticed a hornet
  7071 | D:8      | Killed a hornet
  7072 | D:8      | Reached skill level 2 in Unarmed Combat
  7142 | D:8      | Identified a scroll of acquirement
  7143 | D:8      | Acquired 722 gold pieces
  7372 | D:8      | Reached **** piety under Fedhas
  7446 | D:8      | Found a staircase to the Lair.
  7540 | D:8      | Reached skill level 3 in Unarmed Combat
  7809 | D:8      | Reached skill level 5 in Invocations
  8274 | D:7      | Noticed a tengu conjurer
  8287 | D:7      | Killed a tengu conjurer
  8595 | D:7      | Noticed a troll
  8601 | D:7      | Killed a troll
  8602 | D:7      | Reached skill level 4 in Unarmed Combat
  8602 | D:7      | Reached skill level 1 in Evocations
  8969 | D:7      | Noticed a death drake
  8986 | D:7      | Noticed a harpy
  8986 | D:7      | Killed a harpy
  8987 | D:7      | Reached XP level 10. HP: 65/65 MP: 2/16
  9014 | D:7      | Found a shimmering altar of Xom.
  9672 | D:5      | Killed Caterwaul's ghost
  9865 | D:5      | Reached skill level 5 in Unarmed Combat
  9879 | D:5      | Identified the ring "Onesiru" {Ice Will++ Slay-2}
  9979 | D:6      | Killed Vixxxy's ghost
 10010 | D:6      | Identified the ring of the Vendetta {Fire rN+ Stlth+}
 10184 | D:9      | Found Tayschesi's General Store.
 10194 | D:9      | Bought a scroll of acquirement for 676 gold pieces
 10194 | D:9      | Acquired a manual of Unarmed Combat
 10205 | D:9      | Found a white marble altar of Elyvilon.
 10337 | D:9      | Noticed a two-headed ogre
 10354 | D:9      | Killed a two-headed ogre
 10448 | D:9      | Found Quiteubb's General Store.
 10468 | D:9      | Reached skill level 6 in Unarmed Combat
 10512 | D:9      | Found Zougiass's Assorted Antiques.
 11094 | D:9      | Noticed a two-headed ogre
 11114 | D:9      | Killed a two-headed ogre
 11354 | D:9      | Bought an onyx ring for 135 gold pieces
 11458 | D:9      | Noticed a gargoyle
 11472 | D:9      | Killed a gargoyle
 11473 | D:9      | Reached skill level 7 in Unarmed Combat
 11511 | D:9      | Found a hazy altar of Hepliaklqana.
 11512 | D:9      | Found a faded altar of an unknown god.
 11879 | D:10     | Noticed an ice statue
 12192 | D:10     | Reached XP level 11. HP: 57/70 MP: 12/17
 12484 | D:10     | Reached skill level 5 in Stealth
 12737 | Lair:1   | Entered Level 1 of the Lair of Beasts
 12745 | Lair:1   | Reached skill level 5 in Fighting
 12745 | Lair:1   | Reached skill level 8 in Unarmed Combat
 12745 | Lair:1   | Reached skill level 5 in Evocations
 13281 | Lair:1   | You fall into a shaft and drop 1 floor!
 13325 | Lair:2   | Reached skill level 9 in Unarmed Combat
 13408 | Lair:2   | Noticed a moth of wrath
 13418 | Lair:2   | Found a bloodstained altar of Trog.
 13418 | Lair:2   | Noticed everene's ghost (journeyman OpTm)
 13419 | Lair:2   | Noticed a spriggan rider
 13442 | Lair:2   | Noticed a moth of wrath
 13456 | Lair:2   | Acquired 673 gold pieces
 13481 | Lair:2   | Reached skill level 1 in Throwing
 13648 | Lair:2   | Reached ***** piety under Fedhas
 14042 | Lair:2   | Reached skill level 10 in Unarmed Combat
 14088 | Lair:2   | Noticed a six-headed hydra
 14106 | Lair:2   | Killed a six-headed hydra
 14310 | Lair:2   | Found a transporter.
 14313 | Lair:2   | Found a transporter.
 15451 | Lair:4   | Reached skill level 11 in Unarmed Combat
 15490 | Lair:4   | Killed an oklob plant
 15500 | Lair:4   | Killed an oklob plant
 15507 | Lair:4   | Killed an oklob plant
 15515 | Lair:4   | Killed an oklob plant
 15538 | Lair:4   | Reached XP level 12. HP: 44/77 MP: 9/18
 15786 | Lair:4   | Noticed a six-headed hydra
 15795 | Lair:4   | Killed a six-headed hydra
 16103 | Lair:4   | Noticed Nessos
 16107 | Lair:4   | HP: 3/77 [Nessos/arrow (13)]
 16107 | Lair:4   | Shot with an arrow by Nessos

Illustrated notes

Levels and vault maps discovered:
D:1:      noname_arrival_rooms_in_the_neighbourhood, layout_rooms,
          minmay_3d_cube
D:2:      layout_basic, hellmonk_ecumenical_altar_leap_of_faith, basic_altar,
          roderic_lattice_a, minmay_cupped, uniq_sigmund
D:3:      wad_woods_tower, layout_loops_ring, lemuel_coloured_pillars_altar,
          grunt_ministairs_2, minmay_misc_feat_four_crosses
D:4:      layout_basic, lemuel_round_altar, old_standard_altar
D:5:      layout_basic, minmay_temple_entry_mini_moons,
          gammafunk_ghost_gnarly_gnolls, serial_bayou_pond_c,
          nicolae_shop_self_help
D:6:      layout_loops_ring, gammafunk_ghost_icy, uniq_maggie
D:7:      nzn_winding_woodlands_cross [nzn_winding_woodlands_5x15_lazy_stream,
          nzn_winding_woodlands_5x15_cabin, nzn_winding_woodlands_5x15_crooked,
          nzn_winding_woodlands_5x15_twine,
          nzn_winding_woodlands_15x15_thick_spiral], layout_basic,
          kennysheep_mini_moat
D:8:      minmay_inner_zag, layout_basic, dpeg_oklobed_lair, serial_shops, shop,
          special_room [special_room_orc]
D:9:      layout_basic, nicolae_elyvilon_peaceful_grove,
          beargit_hepliaklqana_dungeon_heroes, serial_shops,
          nicolae_inconvenience_store, shop, shop_fountains, kennysheep_nub
D:10:     layout_basic, minivault_15
Lair:1:   layout_small_grid
Lair:2:   layout_regular_city, gammafunk_ghost_wrathful_warriors
Lair:3:   layout_cave_pods
Lair:4:   layout_layer_cave, nicolae_swamp_entry_splash_gauntlet,
          spider_nest_entry_webs, serial_bayou_lagoon_a,
          hangedman_lair_unloving_vines, minmay_lair_oklob_chamber, uniq_nessos

Skill      XL: |  1  2  3  4  5  6  7  8  9 10 11 12 |
---------------+-------------------------------------+-----
Stealth        | 3 4 7 |  7.2
Shields        | 1 2 3 4 |  4.0
Spellcasting   | 3 4 |  4.0
Summonings     | 5 |  5.0
Air Magic      | 2 3 |  3.0
Unarmed Combat | 1 4 7 11 | 11.2
Dodging        | 4 5 7 8 9 |  9.0
Fighting       | 1 3 4 5 |  5.5
Invocations    | 4 5 7 8 |  8.8
Evocations     | 2 4 6 |  6.8
Throwing       | 1 |  1.0

Action                   |  1- 3 |  4- 6 |  7- 9 | 10-12 || total
-------------------------+-------+-------+-------+-------++-------
Melee: Unarmed           |    32 |    42 |   122 |   273 ||   469
       Constrict         |    15 |    13 |    17 |    45 ||    90
       Tentacles         |     5 |     8 |    17 |    51 ||    81
       Punch             |       |       |     2 |    10 ||    12
Throw: Dart              |       |       |       |     3 ||     3
       Javelin           |       |       |       |    13 ||    13
 Cast: Summon Small Mamm |    21 |     2 |       |     2 ||    25
       Call Imp          |    17 |    22 |    35 |     8 ||    82
       Call Canine Famil |     2 |    23 |    34 |    13 ||    72
       Summon Lightning  |       |       |    34 |    70 ||   104
Invok: Wall of Briars    |       |       |     6 |    10 ||    16
       Grow Ballistomyce |       |       |     2 |     5 ||     7
Evoke: Wand              |       |     2 |    11 |    13 ||    26
       Lightning rod     |       |       |       |     4 ||     4
  Use: Scroll            |       |     4 |     6 |    13 ||    23
       Potion            |       |       |     5 |     2 ||     7
 Stab: Distracted        |     1 |       |     1 |     7 ||     9
       Sleeping          |     2 |     1 |     2 |     4 ||     9
Armor: Skin              |     3 |     5 |    40 |    29 ||    77
Dodge: Dodged            |    15 |    23 |   112 |   142 ||   292
Block: Buckler           |     3 |     8 |    35 |    85 ||   131
